 Dungeon Crawl Stone Soup version 0.19.1-1-g22dce08 (webtiles) character file.

61 Venfury the Cudgeler (level 3, -3/31 HPs)
             Began as a Centaur Chaos Knight on Jan 7, 2017.
             Slain by an iguana (5 damage)
             ... on level 4 of the Dungeon.
             The game lasted 00:11:35 (1204 turns).

Venfury the Cudgeler (Centaur Chaos Knight)         Turns: 1204, Time: 00:11:36

Health: -3/31      AC:  8    Str: 16    XL:     3   Next: 83%
Magic:  3/3        EV:  9    Int: 11    God:    Xom [.....*]
Gold:   83         SH:  0    Dex:  9    Spells: 0 memorised, 2 levels left

rFire  . . .     SeeInvis .     a - +0 mace (chaos)
rCold  . . .     Gourm    .     b - +2 leather armour
rNeg   . . .     Faith    .     (no shield)
rPois  .         Spirit   .     (no helmet)
rElec  .         Reflect  .     (no cloak)
rCorr  .         Harm     .     (no gloves)
MR     .....                    (no barding)
Stlth  ..........               (no amulet)
                                (no ring)
                                (no ring)

@: very quick
A: hooves 3, icy blue scales 1, deformed body, speed 2, strong 1, tough skin 3,
wild magic 1
a: Renounce Religion


You were on level 4 of the Dungeon.
You worshipped Xom.
You were Xom's teddy bear.
You were not hungry.

You visited 1 branch of the dungeon, and saw 4 of its levels.

You collected 83 gold pieces.

Inventory:

Hand Weapons
 a - a +0 mace of chaos (weapon)
 n - a +1 dagger of venom
Missiles
 l - 84 stones (quivered)
 p - 10 sling bullets
Armour
 b - a +2 leather armour (worn)
 k - a +0 plate armour
 m - a +0 chain mail
 o - a +0 pair of gloves
Scrolls
 g - a scroll of identify
 i - a scroll of fog {unknown}
Potions
 d - a potion of brilliance {unknown}
 e - a potion of curing
 j - a potion of flight {unknown}
Comestibles
 c - a bread ration
 f - 5 chunks of flesh
 h - 2 slices of pizza


   Skills:
 + Level 3.5 Fighting
 + Level 3.6 Maces & Flails
 + Level 0.4 Throwing
 + Level 1.7 Armour
 + Level 0.7 Dodging


You had 2 spell levels left.
You didn't know any spells.

Dungeon Overview and Level Annotations

Branches:
Dungeon (4/15)
 Temple: D:4-7

Altars:
Xom


Innate Abilities, Weirdness & Mutations

You have hooves in place of feet.
Armour fits poorly on your strangely shaped body.
You cover ground very quickly.
You have extremely tough skin. (AC +3)
You are partially covered in icy blue scales. (AC +2)
Your muscles are strong. (Str +2)
Your spells are a little harder to cast, but a little more powerful.


Message History

* * * LOW HITPOINT WARNING * * *
You emit a cloud of colourful smoke!
The orc hits you but does no damage. The orc barely misses you.
The iguana hisses angrily.
You barely miss the iguana.
The iguana is heavily wounded.
The orc barely misses you. The iguana completely misses you.
The orc priest hits you with a whip.
* * * LOW HITPOINT WARNING * * *
The orc hits you with a club.
* * * LOW HITPOINT WARNING * * *
The orc closely misses you.
You feel better. The orc hits you with a club.
* * * LOW HITPOINT WARNING * * *
The iguana barely misses you. The orc priest hits you with a whip.
* * * LOW HITPOINT WARNING * * *
The orc barely misses you. x2
The iguana bites you.
You die...
Xom thinks this is hilarious!

...#
#...#########
##............
###.............
#.._............
................
................
.......@o.....$.
......†l§o......
.>.....§oo......
........<.......
................
................
................
................
...............


You could see an iguana, an orc priest and 3 orcs.

Vanquished Creatures
  An adder (D:2)
  A worm (D:2)
  3 dart slugs (D:1)
  A leopard gecko (D:1)
  A ball python (D:2)
  6 bats
  2 giant cockroaches (D:1)
  3 goblins
  6 hobgoblins
  4 jackals (D:2)
  A quokka (D:4)
  A frilled lizard (D:1)
  4 kobolds
  6 rats
40 creatures vanquished.

Vanquished Creatures (others)
  A dart slug (D:4)
1 creature vanquished.

Grand Total: 41 creatures vanquished

Notes
Turn   | Place    | Note
-------+----------+-------------------------------------------
     0 | D:1      | Venfury the Centaur Chaos Knight began the quest for the Orb.
     0 | D:1      | Reached XP level 1. HP: 19/19 MP: 1/1
   116 | D:1      | Reached XP level 2. HP: 22/26 MP: 2/2
   306 | D:2      | XOM: cloud trail
   341 | D:2      | Reached XP level 3. HP: 20/31 MP: 3/3
   446 | D:2      | XOM: give mutations
   446 | D:2      | Gained mutation: Your spells are a little harder to cast, but a little more powerful. [Xom's grace]
   446 | D:2      | Gained mutation: Your muscles are strong. (Str +2) [Xom's grace]
   446 | D:2      | Gained mutation: You are partially covered in icy blue scales. (AC +2) [Xom's grace]
   865 | D:1      | XOM: god gift: 10 sling bullets
  1194 | D:4      | XOM: enchant monster (good)
  1199 | D:4      | XOM: scenery: create altars
  1201 | D:4      | XOM: smoke on damage
  1204 | D:4      | Slain by an iguana

Skill      XL: |  1 |
---------------+----+-----
Maces & Flails | 3 |  3.6
Fighting       | |  3.5
Throwing       | |  0.4
Armour         | |  1.7
Dodging        | |  0.7

Action                   || total
-------------------------++-------
Melee: Mace              ||   122
       Kick              ||    11
Throw: Stone             ||    33
  Use: Scroll            ||     1
       Potion            ||     1
  Eat: Chunk             ||     1
Armor: Leather armour    ||    84
Dodge: Dodged            ||    85
